Map: Data-C

Players

Vindicta - Winner!

  • Race: Terran Terran
  • Spawn Location: 3:00

Rob

  • Race: Protoss Protoss
  • Spawn Location: 9:00

Event: DreamHack SC2 Masters 2022 Atlanta (Offline)

VOD

Have the link to the VOD?

Description

Time

  • Played on: Nov. 18, 2022, 3:20 p.m.
  • Length: 10:23

All games in this series

Show
View Real Time Build Order
Export as new Build Order

Vindicta Terran - Winner!

Build Orders:  

Get SALT Encoding   

  12  0:00  SCV  
  13  0:12  SCV  
  14  0:17  Supply Depot  
  14  0:24  SCV  
  15  0:39  SCV  
  15  0:40  Barracks  
  16  0:43  Refinery  
  16  0:51  SCV  
  16  0:54  Refinery  
  17  1:03  SCV  
  18  1:15  SCV  
  19  1:27  Orbital Command  
  19  1:28  Reaper  
  20  1:33  Supply Depot  
  20  1:45  Factory  
  20  1:56  SCV  
  21  2:01  Bunker  
  21  2:08  Reaper  
  22  2:10  Supply Depot  
  22  2:13  SCV  
  23  2:25  SCV  
  23  2:29  Widow Mine  
  26  2:37  SCV  
  26  2:40  Marine  
  28  2:47  Starport  
  28  2:49  SCV  
  29  2:51  Factory Tech Lab  
  29  2:58  Marine  
  30  3:01  SCV  
  31  3:09  Engineering Bay  
  31  3:11  Cyclone  
  34  3:15  Marine  
  34  3:16  Supply Depot  
  35  3:24  SCV  
  36  3:28  Viking  
  36  3:33  Marine  
  38  3:39  Missile Turret  
  38  3:42  Missile Turret  
  38  3:51  Cyclone  
  38  3:54  SCV  
  42  4:07  Medivac  
  42  4:09  SCV, Marine  
  46  4:29  Marine  
  47  4:48  Command Center  
  47  4:55  Supply Depot  
  47  5:11  Barracks Reactor  
  46  5:14  SCV  
  46  5:17  Cyclone  
  49  5:26  SCV  
  50  5:30  Starport Tech Lab  
  50  5:32  Barracks  
  48  5:38  SCV  
  48  5:47  Marine x2  
  48  5:49  Siege Tank  
  53  5:50  SCV  
  54  6:00  Raven  
  54  6:02  SCV  
  57  6:05  Marine x2  
  59  6:15  SCV  
  59  6:16  Barracks  
  59  6:24  Siege Tank  
  62  6:32  Orbital Command  
  62  6:33  Marine  
  62  6:35  Marine  
  62  6:37  SCV  
  65  6:49  Supply Depot, SCV  
  65  6:52  Bunker  
  66  6:54  Stimpack, Marine  
  66  6:55  Marine  
  66  6:56  Marine  
  66  6:58  SCV  
  66  7:00  Starport Reactor  
  70  7:08  Supply Depot, Refinery  
  70  7:10  SCV  
  70  7:11  SCV  
  70  7:14  Engineering Bay  
  70  7:15  Combat Shield  
  72  7:16  Marauder  
  72  7:19  Factory Reactor  
  74  7:23  SCV, Marine  
  74  7:24  SCV  
  74  7:29  Supply Depot  
  77  7:30  Marauder  
  77  7:34  Supply Depot  
  77  7:35  SCV  
  77  7:36  SCV  
  81  7:38  Marauder  
  81  7:42  Terran Infantry Weapons Level 1  
  81  7:43  Refinery  
  82  7:44  Marine  
  82  7:47  SCV  
  82  7:48  SCV  
  85  7:53  Supply Depot  
  85  7:55  Medivac  
  85  7:57  Supply Depot  
  87  7:58  Marine  
  87  7:59  Marine  
  89  8:07  Medivac  
  89  8:08  SCV x2  
  89  8:09  Marine  
  89  8:10  Marauder  
  96  8:16  Widow Mine, Marine x2  
  96  8:17  Missile Turret  
  96  8:19  Widow Mine  
  102  8:27  Marine  
  102  8:32  Command Center  
  104  8:37  SCV  
  104  8:39  Widow Mine, Marine  
  104  8:40  Widow Mine  
  110  8:43  Supply Depot, SCV  
  110  8:49  SCV  
  110  8:51  Marine  
  110  8:52  Supply Depot  
  114  9:04  SCV  
  114  9:05  SCV  
  114  9:06  Barracks  
  114  9:07  Barracks  
  116  9:11  Supply Depot, Marine  
  116  9:12  Marauder  
  116  9:13  Marine  
  116  9:17  SCV x2  
  113  9:18  Medivac  
  113  9:19  Medivac  
  113  9:20  Marine  
  118  9:29  Marine  
  118  9:30  SCV x2, Marine  
  116  9:31  Supply Depot  
  116  9:32  Marine  
  113  9:38  Marine  
  113  9:42  SCV  
  109  9:45  SCV  
  109  9:46  SCV  
  109  9:47  Marine  
  109  9:48  Marine  
  109  9:54  Marine  
  109  9:56  Marine  
  109  9:59  Widow Mine  
  107  10:00  SCV  
  107  10:01  Barracks Reactor  
  107  10:05  Marine  
  106  10:10  Ghost Academy  
  106  10:11  Supply Depot, SCV  
Show
View Real Time Build Order
Export as new Build Order

Rob Protoss 

Build Orders: Zealot Archon 

Get SALT Encoding   

  12  0:00  Probe  
  13  0:12  Pylon  
  13  0:17  Probe  
  14  0:31  Gateway  
  14  0:33  Probe (Chrono Boost)  
  16  0:43  Probe (Chrono Boost), Assimilator  
  16  0:48  Probe (Chrono Boost)  
  17  0:52  Assimilator  
  17  0:59  Probe  
  18  1:12  Probe  
  19  1:19  Cybernetics Core  
  19  1:24  Probe  
  20  1:28  Pylon  
  20  1:31  Zealot (Chrono Boost)  
  22  1:37  Probe  
  23  1:49  Probe  
  24  1:56  Stargate  
  24  2:01  Adept  
  26  2:05  Warp Gate  
  26  2:08  Probe  
  27  2:17  Pylon  
  27  2:39  Pylon  
  27  2:43  Void Ray (Chrono Boost), Probe  
  31  2:58  Shield Battery  
  31  2:59  Stalker  
  32  3:35  Void Ray (Chrono Boost)  
  32  3:39  Probe  
  32  3:51  Probe  
  33  4:03  Probe  
  33  4:07  Shield Battery  
  34  4:10  Stalker  
  34  4:15  Probe  
  37  4:20  Shield Battery  
  37  4:27  Probe  
  36  4:40  Probe  
  36  4:56  Nexus  
  35  5:00  Probe  
  35  5:01  Sentry  
  38  5:10  Twilight Council  
  38  5:12  Probe (Chrono Boost)  
  39  5:24  Probe (Chrono Boost)  
  40  5:30  Pylon  
  40  5:31  Gateway  
  40  5:38  Gateway  
  40  5:42  Probe  
  41  5:54  Probe  
  42  6:01  Dark Shrine  
  42  6:04  Charge (Chrono Boost)  
  42  6:08  Probe x2 (Chrono Boost)  
  45  6:21  Probe (Chrono Boost)  
  45  6:23  Probe (Chrono Boost)  
  46  6:26  Probe (Chrono Boost)  
  46  6:28  Shield Battery  
  46  6:30  Probe  
  46  6:32  Phoenix  
  48  6:36  Probe  
  49  6:42  Probe, Pylon  
  50  6:48  Probe  
  51  6:54  Probe  
  51  7:01  Probe  
  53  7:08  Robotics Facility  
  53  7:09  Forge, Probe  
  53  7:13  Probe  
  53  7:14  Dark Templar x2  
  59  7:16  Dark Templar  
  62  7:28  Gateway  
  61  7:34  Gateway  
  61  7:41  Protoss Ground Weapons Level 1 (Chrono Boost)  
  61  7:45  Archon  
  61  7:47  Dark Templar  
  61  7:48  Zealot x2  
  67  7:54  Archon  
  67  7:57  Nexus  
  69  8:11  Pylon  
  69  8:12  Pylon  
  67  8:16  Robotics Bay  
  67  8:17  Pylon  
  67  8:23  Probe x2  
  69  8:27  Immortal (Chrono Boost)  
  73  8:35  Probe x2  
  73  8:39  Assimilator  
  73  8:41  Assimilator  
  75  8:45  Zealot x3  
  75  8:47  Zealot  
  75  8:48  Zealot  
  82  9:08  Disruptor  
  85  9:10  Pylon  
  85  9:12  Shield Battery  
  85  9:16  Pylon  
  85  9:23  Zealot x2  
  79  9:30  Probe x3  
  70  9:36  Zealot x3  
  72  9:44  Dark Templar  
  72  9:45  Dark Templar  
  66  9:47  Zealot x2  
  57  9:58  Probe  
  55  10:01  Zealot x3  
  55  10:04  Probe  
  57  10:09  Zealot x2  
  61  10:18  Shield Battery  
Tags
 
Add a new tag
Caveats
  • Supply blocks, unpowered buildings, or Contaminate may cause inaccurate times.
  • Supply counts are checked every 10 seconds.